AoeStats
← Jobington

Arabia

510559614Analyzed
1v1 RM · 23h ago on Oct 1, 2026· 46m 30s· 2 players
Game mode
Random Map
Map size
Tiny (2 player)
Population
200
Speed
Normal
Resources
Standard
Victory
Conquest
Starting age
Dark Age
Ending age
Imperial Age
RankedLock teamsTeams togetherTeam positionsShared explorationLock speedFull tech treeHidden civsTurbo modeCheats
Victory
Defeat
🇪🇸 Burgundians · Spain
1083
+15
🇬🇧 Saxons · United Kingdom
1070
-15
Jobington
11:11 Feudal Age
14:45 Castle Age
12:40 Horse Collar
13:33 Double-Bit Axe
19:13 Squires
21:56 Loom
22:07 Pikeman
27:05 Heavy Plow
29:33 Wheelbarrow
29:29 Forging
29:19 Scale Mail Armor
29:40 Gambesons
29:41 Arson
31:15 Bow Saw
31:59 Fletching
32:45 Iron Casting
32:25 Chain Mail Armor
35:47 Imperial Age
33:33 Hand Cart
33:35 Gold Mining
35:49 Elite Varangian Guard
36:53 Conscription
37:20 Plate Mail Armor
36:22 Shield Wall
37:45 Elite Hearth Troop
45:05 Clerical Recruitment
Kimik
8:18 Loom
10:28 Feudal Age
9:10 Double-Bit Axe
9:20 Horse Collar
11:29 Bow Saw
12:03 Heavy Plow
17:54 Wheelbarrow
20:29 Castle Age
18:26 Gold Mining
18:28 Stone Mining
20:04 Gold Shaft Mining
20:08 Stone Shaft Mining
19:45 Forging
20:04 Scale Barding Armor
21:03 Cavalier
22:06 Chain Barding Armor
22:54 Crop Rotation
23:30 Iron Casting
24:26 Husbandry
25:52 Hand Cart
33:34 Imperial Age
32:05 Devotion
32:44 Town Watch
33:02 Squires
33:48 Burgundian Vineyards
33:41 Paladin
34:59 Plate Barding Armor
35:25 Blast Furnace
34:48 Conscription
39:58 Ballistics
42:07 Chemistry
41:12 Padded Archer Armor
41:03 Fletching
41:13 Scale Mail Armor
Connection lost

Rejoining the realm…

Still unreachable

The connection could not be restored.

Session expired

The server has moved on; the page needs a fresh start.